Map: Data-C

Players

Solar - Winner!

  • Race: Zerg Zerg
  • League: Master
  • Spawn Location: 3:00

Geralt (Gerald)

  • Race: Protoss Protoss
  • League: Master
  • Spawn Location: 9:00

Event: HomeStory Cup XXII

VOD

Have the link to the VOD?

Description

Time

  • Played on: Dec. 15, 2022, 3:31 p.m.
  • Length: 11:10

All games in this series

Show
View Real Time Build Order
Export as new Build Order

Solar Zerg - Winner!

Build Orders: Hatch First 

Get SALT Encoding   

  12  0:00  Drone  
  13  0:11  Overlord  
  13  0:16  Drone  
  14  0:30  Drone x2  
  16  0:49  Hatchery  
  15  0:51  Drone  
  15  0:55  Drone  
  17  0:58  Drone  
  18  1:09  Extractor  
  17  1:15  Spawning Pool  
  17  1:17  Drone  
  17  1:21  Drone  
  18  1:28  Drone  
  19  1:38  Drone  
  20  1:49  Overlord  
  20  2:01  Queen  
  20  2:02  Zergling x4  
  20  2:03  Queen  
  26  2:13  Drone x2  
  26  2:15  Metabolic Boost  
  28  2:20  Drone  
  28  2:22  Drone  
  30  2:44  Hatchery  
  30  2:46  Queen  
  30  2:51  Drone, Overlord  
  32  2:55  Drone  
  32  2:56  Drone  
  34  2:59  Zergling x2  
  34  3:03  Drone  
  36  3:10  Zergling x2  
  36  3:12  Queen  
  37  3:18  Drone x4  
  43  3:24  Drone  
  44  3:28  Spore Crawler  
  44  3:31  Overlord  
  44  3:38  Overlord  
  44  3:43  Overlord  
  44  3:49  Spore Crawler, Queen  
  44  3:50  Drone  
  44  3:53  Drone x2  
  44  3:54  Drone x3  
  51  3:59  Queen  
  51  4:02  Drone  
  54  4:03  Drone  
  54  4:07  Drone  
  54  4:08  Drone  
  57  4:12  Zergling x6  
  57  4:15  Zergling x2  
  61  4:18  Zergling x2, Roach Warren  
  61  4:20  Spore Crawler  
  61  4:23  Zergling x4  
  62  4:25  Zergling x2  
  62  4:28  Overlord  
  63  4:32  Drone  
  63  4:33  Drone x2  
  63  4:35  Spore Crawler  
  65  4:39  Zergling x6  
  65  4:40  Zergling x2  
  65  4:44  Overlord  
  68  4:46  Drone  
  68  4:49  Lair  
  68  4:53  Spore Crawler, Drone  
  68  4:55  Zergling x2  
  68  4:59  Drone x3  
  71  5:03  Drone  
  71  5:05  Drone x3  
  75  5:07  Drone x2  
  75  5:09  Extractor  
  75  5:10  Zergling x2  
  75  5:11  Extractor  
  76  5:14  Drone x3  
  76  5:17  Overlord  
  79  5:22  Drone x2  
  79  5:24  Overlord  
  79  5:26  Extractor x2  
  79  5:27  Drone x2  
  81  5:33  Overlord  
  81  5:35  Overlord  
  81  5:37  Drone x3  
  81  5:38  Drone  
  85  5:48  Drone x5  
  85  5:49  Spire  
  89  5:52  Glial Reconstitution, Extractor  
  89  5:53  Evolution Chamber  
  89  5:54  Drone  
  89  5:55  Drone  
  89  5:56  Drone  
  90  5:58  Overseer  
  90  6:01  Drone x3  
  93  6:07  Overlord  
  93  6:09  Roach x3  
  101  6:11  Roach  
  101  6:14  Overlord  
  101  6:16  Overlord  
  101  6:18  Overlord  
  101  6:25  Hatchery  
  100  6:27  Roach  
  100  6:29  Overlord  
  100  6:31  Drone x2  
  103  6:33  Drone  
  103  6:34  Overlord  
  103  6:38  Overlord  
  103  6:39  Overlord  
  103  6:46  Overlord  
  102  6:47  Overseer  
  102  6:49  Drone  
  102  6:50  Overlord  
  102  6:53  Zergling x6  
  106  7:05  Mutalisk x8  
  121  7:09  Mutalisk  
  121  7:12  Hatchery  
  121  7:13  Mutalisk  
  123  7:16  Zergling x2  
  123  7:17  Zergling x6  
  123  7:19  Zergling x6  
  123  7:20  Zergling x2  
  131  7:28  Zergling x6  
  131  7:33  Zergling x8  
  133  7:37  Drone  
  133  7:38  Overlord  
  133  7:45  Zerg Flyer Weapons Level 1  
  133  7:46  Zerg Melee Weapons Level 1  
  133  7:47  Mutalisk, Extractor  
  133  7:48  Mutalisk x3, Extractor  
  133  7:50  Zergling x6  
  133  7:51  Zergling x2  
  143  7:57  Mutalisk  
  145  7:59  Drone x3  
  145  8:00  Drone x2  
  150  8:07  Mutalisk x2  
  150  8:10  Zergling x8  
  158  8:15  Drone  
  153  8:23  Zergling x10  
  153  8:26  Mutalisk  
  152  8:29  Zergling x6  
  152  8:33  Mutalisk  
  152  8:34  Mutalisk x2  
  145  8:35  Zergling x2  
  145  8:40  Zergling x6  
  155  8:42  Zergling x4  
  155  8:43  Zergling x2  
  155  8:46  Mutalisk x3  
  164  8:49  Zergling x2  
  164  8:53  Overseer  
  164  8:55  Drone  
  166  8:57  Mutalisk x2  
  166  9:00  Zergling x2  
  171  9:11  Mutalisk  
  171  9:12  Mutalisk x2  
  171  9:14  Zergling x18  
  171  9:15  Hatchery  
  171  9:16  Overlord  
  182  9:19  Corruptor  
  182  9:21  Drone  
  182  9:23  Drone x2  
  183  9:26  Corruptor  
  185  9:34  Drone x2  
  185  9:37  Corruptor x2  
  191  9:38  Corruptor  
  191  9:40  Drone  
  191  9:41  Extractor  
  191  9:42  Drone  
  191  9:44  Zergling x4  
  191  9:45  Extractor  
  192  9:53  Mutalisk x3  
  192  9:57  Zergling x12  
  187  10:01  Zergling x8  
  187  10:07  Zergling x2  
  187  10:08  Zergling x12  
  187  10:12  Mutalisk x2  
  194  10:16  Mutalisk x2  
  194  10:18  Zergling x2  
  194  10:19  Zergling x2  
  194  10:23  Zergling x8  
  194  10:27  Mutalisk  
  185  10:32  Mutalisk x3  
  184  10:38  Mutalisk x2  
  186  10:46  Mutalisk  
  186  10:48  Zergling x10  
  193  10:50  Zergling x2  
Show
View Real Time Build Order
Export as new Build Order

Geralt Protoss 

Build Orders: 1 Gate Expand, Zealot Archon, Archon Drop, Dark Templar Rush 

Get SALT Encoding   

  12  0:00  Probe  
  13  0:12  Probe  
  14  0:19  Pylon  
  14  0:24  Probe  
  15  0:37  Probe (Chrono Boost)  
  15  0:40  Gateway  
  16  0:46  Probe (Chrono Boost)  
  16  0:49  Assimilator  
  17  0:51  Probe (Chrono Boost)  
  18  1:04  Probe  
  19  1:16  Probe  
  20  1:26  Nexus  
  20  1:31  Probe  
  21  1:39  Cybernetics Core  
  21  1:46  Probe  
  22  1:49  Assimilator  
  22  1:55  Pylon  
  22  1:59  Probe  
  23  2:13  Probe  
  23  2:14  Adept (Chrono Boost)  
  24  2:22  Twilight Council  
  26  2:25  Probe  
  27  2:37  Warp Gate, Probe  
  27  2:39  Adept (Chrono Boost)  
  27  2:42  Probe  
  30  2:49  Probe  
  31  2:54  Probe  
  31  2:55  Robotics Facility  
  32  3:01  Probe  
  32  3:02  Stalker  
  35  3:06  Probe  
  36  3:13  Probe  
  36  3:18  Probe  
  38  3:25  Probe  
  39  3:30  Probe  
  40  3:36  Dark Shrine  
  40  3:38  Probe  
  39  3:42  Gateway, Probe  
  39  3:47  Warp Prism (Chrono Boost)  
  40  3:50  Probe  
  40  3:54  Probe  
  44  3:59  Gateway  
  44  4:02  Probe  
  45  4:04  Assimilator  
  45  4:05  Assimilator, Pylon  
  45  4:07  Probe  
  46  4:21  Nexus  
  46  4:23  Pylon  
  46  4:29  Probe, Stalker  
  46  4:31  Probe  
  50  4:38  Pylon  
  50  4:41  Probe  
  50  4:42  Adept  
  50  4:45  Probe  
  54  4:52  Dark Templar  
  52  4:53  Probe  
  52  4:57  Probe  
  54  5:00  Pylon  
  54  5:05  Probe (Chrono Boost)  
  55  5:09  Observer, Probe (Chrono Boost)  
  55  5:11  Dark Templar x2  
  61  5:18  Probe (Chrono Boost)  
  61  5:20  Shield Battery  
  63  5:22  Probe (Chrono Boost)  
  63  5:25  Archon  
  63  5:26  Probe (Chrono Boost)  
  63  5:27  Probe (Chrono Boost)  
  65  5:29  Pylon  
  65  5:32  Probe, Forge  
  65  5:33  Dark Templar, Probe  
  69  5:36  Probe  
  69  5:38  Archon  
  69  5:41  Blink  
  70  5:43  Robotics Bay  
  70  5:44  Probe  
  70  5:45  Probe  
  72  5:51  Probe  
  72  5:53  Stalker  
  72  5:54  Assimilator  
  72  5:56  Probe  
  76  5:57  Pylon  
  76  5:58  Probe  
  76  6:02  Assimilator  
  76  6:03  Probe  
  78  6:09  Probe  
  79  6:12  Pylon  
  78  6:19  Protoss Ground Weapons Level 1 (Chrono Boost), Probe  
  78  6:20  Nexus  
  78  6:22  Observer (Chrono Boost)  
  78  6:25  Probe  
  81  6:31  Pylon  
  81  6:34  Disruptor (Chrono Boost)  
  84  6:47  Probe  
  84  6:48  Probe  
  84  6:49  Dark Templar  
  84  6:50  Dark Templar x2  
  92  6:55  Probe, Gateway  
  92  6:57  Shield Battery, Gateway  
  92  6:58  Gateway  
  92  7:01  Probe  
  94  7:03  Probe  
  95  7:08  Disruptor  
  93  7:17  Probe  
  93  7:19  Gateway  
  93  7:21  Gateway  
  93  7:22  Probe  
  95  7:23  Gateway  
  95  7:29  Nexus  
  95  7:30  Stalker x2, Pylon  
  95  7:31  Stalker  
  95  7:32  Probe  
  95  7:34  Gateway  
  95  7:36  Pylon  
  100  7:44  Disruptor  
  100  7:46  Stargate  
  100  7:47  Stargate  
  100  7:49  Probe  
  100  7:50  Stalker  
  106  7:55  Probe  
  106  7:57  Photon Cannon  
  107  7:59  Shield Battery  
  107  8:00  Gravitic Drive (Chrono Boost), Stalker x4  
  107  8:01  Stalker  
  114  8:09  Probe  
  114  8:11  Photon Cannon  
  113  8:14  Photon Cannon  
  111  8:23  Dark Templar x2  
  111  8:24  Zealot x3, Dark Templar  
  119  8:28  Probe  
  119  8:31  Archon  
  119  8:33  Stalker x2  
  119  8:34  Stalker  
  122  8:38  Phoenix (Chrono Boost)  
  122  8:41  Phoenix (Chrono Boost)  
  118  8:47  Probe x2  
  122  8:48  Probe  
  123  8:59  Shield Battery, Probe  
  123  9:01  Photon Cannon  
  124  9:05  Phoenix x2 (Chrono Boost)  
  124  9:08  Zealot x2  
  124  9:09  Zealot  
  134  9:16  Stalker x2  
  138  9:24  Probe  
  136  9:27  Probe  
  136  9:30  Phoenix (Chrono Boost), Probe  
  138  9:33  Fleet Beacon  
  140  9:40  Assimilator, Pylon  
  140  9:43  Assimilator  
  140  9:46  Probe  
  136  9:56  Phoenix (Chrono Boost)  
  126  10:03  Stalker x3  
  126  10:05  Phoenix (Chrono Boost)  
  120  10:15  Phoenix (Chrono Boost)  
  120  10:17  Zealot  
  112  10:24  Zealot  
  112  10:25  Zealot  
  111  10:29  Probe  
  111  10:31  Probe, Pylon x2  
  98  10:45  Phoenix  
  100  10:53  Stalker x2  
  100  10:56  Zealot  
  99  10:57  Zealot x2  
  99  11:04  Stalker  
Tags
 
Add a new tag
Caveats
  • Supply blocks, unpowered buildings, or Contaminate may cause inaccurate times.
  • Supply counts are checked every 10 seconds.